 Dungeon Crawl Stone Soup version 0.28-a0-1002-gf00fe891ef (webtiles) character file.

Game seed: 1172061311435200131

661 karkarkar the Chopper (level 7, 0/33 HPs)
             Began as a Vine Stalker Fighter on Dec 6, 2021.
             Was a Priest of Hepliaklqana.
             Slain by an ogre (22 damage)
             ... on level 5 of the Dungeon.
             The game lasted 00:11:13 (4613 turns).

karkarkar the Chopper (Vine Stalker Fighter)        Turns: 4613, Time: 00:11:15

Health: 0/33       AC:  6    Str: 20    XL:     7   Next: 56%
Magic:  0/8        EV:  9    Int:  8    God:    Hepliaklqana [***...]
Gold:   124        SH: 11    Dex: 14    Spells: 6/6 levels left

rFire   . . .      SeeInvis .   a - +0 war axe
rCold   . . .      Faith    .   c - +1 buckler
rNeg    . . .      Spirit   +   b - +0 scale mail
rPois   +          Reflect  +   m - +0 hat
rElec   .          Harm     .   (no cloak)
rCorr   .          Rampage  .   (no gloves)
Will    .....                   (no boots)
Stlth   +.........              v - amulet of reflection
HPRegen 0.91/turn               f - ring of flight
MPRegen 0.11/turn               l - ring of poison resistance

@: flying
A: reduced essence, fangs 2, regeneration 1, magic shield, antimagic bite, no
potion heal 2
a: Renounce Religion, Recall Ancestor, Ancestor Identity, Transference


You were on level 5 of the Dungeon.
You worshipped Hepliaklqana.
Hepliaklqana was most pleased with you.
You visited 1 branch of the dungeon, and saw 5 of its levels.

You collected 212 gold pieces.
You spent 88 gold pieces at shops.

Inventory:

Hand Weapons
 a - a +0 war axe (weapon)
 s - a +0 antimagic hand axe
Missiles
 g - a boomerang
 t - 15 poisoned darts
Armour
 b - a +0 scale mail (worn)
 c - a +1 buckler (worn)
 m - a +0 hat (worn)
Jewellery
 f - a ring of flight (left hand)
 l - a ring of poison resistance (right hand)
 v - an amulet of reflection (around neck)
Wands
 o - a wand of mindburst (13)
 r - a wand of flame (23) (quivered)
 x - a wand of charming (7)
Scrolls
 h - a scroll of noise
 i - a scroll of enchant weapon
 j - a scroll of brand weapon
 n - 3 scrolls of teleportation
 u - a scroll of enchant armour
Potions
 d - 3 potions of might
 e - 2 potions of attraction {unknown}
 k - a potion of berserk rage {unknown}
 p - 4 potions of curing
 q - a potion of mutation {unknown}
 w - a potion of degeneration


   Skills:
 + Level 4.0 Fighting
 + Level 5.1 Axes
 + Level 0.9 Throwing
 - Level 3.2 Armour
 - Level 0.5 Dodging
 + Level 1.9 Stealth
 - Level 4.0 Shields


You had 6 spell levels left.
You didn't know any spells.
Your spell library contained the following spells:

 Spells                   Type           Power      Damage    Failure   Level
 Apportation              Tloc           0%         N/A       77%         1
 Freeze                   Ice            0%         1d3       77%         1
 Corpse Rot               Necr/Air       0%         N/A       88%         2
 Poisonous Vapours        Pois/Air       0%         N/A       88%         2
 Frozen Ramparts          Ice            0%         1d2       98%         3
 Ozocubu's Armour         Ice            0%         N/A       98%         3
 Hailstorm                Conj/Ice       0%         3d3       100%        4
 Petrify                  Tmut/Erth      0%         N/A       100%        4
 Alistair's Intoxication  Tmut/Pois      0%         N/A       100%        5
 Metabolic Englaciation   Hex/Ice        0%         N/A       100%        5
 Statue Form              Tmut/Erth      0%         N/A       100%        6
 Ozocubu's Refrigeration  Ice            0%         4d5       100%        7


Dungeon Overview and Level Annotations

Branches:
Dungeon (5/15)
 Temple: D:4-7

Altars:
Cheibriados
Elyvilon
Gozag
Hepliaklqana
Ru
Vehumet
Wu Jian

Shops:
D:4 ?   D:5 ?[


Innate Abilities, Weirdness & Mutations

Your life essence is reduced to manifest your ancestor. (-10% HP)
You have extremely sharp teeth.
Your natural rate of healing is unusually fast.
When hurt, damage is shared between your health and your magic reserves.
Your bite disrupts and absorbs the magic of your enemies.
Potions cannot restore your health.


Message History

There is an open door here.
There is an open door here.
You pick up Ozocubu's Autobiography and begin reading...
You add the spells Ozocubu's Armour and Ozocubu's Refrigeration to your library.
You see here 14 arrows.
You pick up a book of Frost and begin reading...
You add the spells Freeze, Frozen Ramparts and Hailstorm to your library.
x - a wand of charming (7)
You see here a +0 leather armour.
You see here a +0 dagger.
There is an open door here.
You reach down and open the door.
A quokka and an ogre come into view.
The ogre shouts!
Found 38 gold pieces.
You hit the quokka.
The quokka is severely wounded.
You block the quokka's attack.
The quokka bites you but does no damage.
You hit the quokka.
You kill the quokka!
You block the ogre's attack.
There is an open door here.
You see here a quokka corpse.
You hit the ogre.
The ogre is lightly wounded.
You block the ogre's attack.
You barely miss the ogre. You bite the ogre, but do no damage.
The ogre is lightly wounded.
The ogre hits you with a +0 giant club!
You hit the ogre.
The ogre is lightly wounded.
The ogre hits you with a +0 giant club.
You hit the ogre.
The ogre is moderately wounded.
Banana casts a spell at the ogre.
The puff of frost hits the ogre!
The ogre hits you with a +0 giant club!!
Ouch! That really hurt!
You die...

.............####.##.#.########
...........#.....>.............
......)..###.......#.##########
............#####....#
.......#...##.$.##...##
.......#...#.....#....##
.......#...#.....#.....##
....####...#..$..#.#'#..#
###.## #...##$.O@###.##.#
#..###....#####R')..#.#
##..##......##'###.##.#
##.#####..##..#####..# #.#
#..#..).#....## #.#
#..#.([.#.#### #.# #..##..##.#
#.# ##..####..# #.# ##.......#


You could see the friendly Banana the battlemage and an ogre (ally target).

Vanquished Creatures
  2 centaurs (D:5)
  2 scorpions
  A water moccasin skeleton (D:4)
  An iguana (D:5)
  A gnoll (D:4)
  5 adders
  A white imp (D:5)
  An ufetubus (D:5)
  A worm (D:2)
  2 dart slugs
  15 orcs
  2 ball pythons (D:2)
  7 endoplasms
  A giant cockroach (D:1)
  3 goblins
  5 hobgoblins
  2 quokkas
  3 bats
  2 frilled lizards
  5 kobolds
  4 rats
66 creatures vanquished.

Vanquished Creatures (collateral kills)
  A centaur zombie (D:5)
  A bullfrog skeleton (D:5)
  A hound skeleton (D:5)
  3 gnolls (D:4)
  2 adders (D:4)
  3 worms
  A dart slug (D:5)
  3 orcs
  5 endoplasms
  A giant cockroach (D:2)
  2 goblins (D:4)
  2 hobgoblins
  3 quokkas
  4 ball pythons
  A bat (D:3)
  A frilled lizard (D:1)
  2 kobolds
  A rat (D:1)
37 creatures vanquished.

Vanquished Creatures (others)
  An ancestor (D:1)
1 creature vanquished.

Grand Total: 104 creatures vanquished

Notes
Turn   | Place    | Note
-------+----------+-------------------------------------------
     0 | D:1      | karkarkar the Vine Stalker Fighter began the quest for the
                  | Orb.
     0 | D:1      | Reached XP level 1. HP: 11/11 MP: 2/2
   107 | D:1      | Found a faded altar of an unknown god.
   115 | D:1      | Prayed at the altar of an unknown god.
   115 | D:1      | Became a worshipper of Hepliaklqana the Forgotten
   115 | D:1      | Reached * piety under Hepliaklqana
   192 | D:1      | Reached XP level 2. HP: 14/14 MP: 3/3
   608 | D:1      | Reached XP level 3. HP: 18/18 MP: 4/4
  1093 | D:2      | Reached skill level 2 in Axes
  1415 | D:2      | Reached ** piety under Hepliaklqana
  1416 | D:2      | Remembered your ancestor Banana as a battlemage
  1545 | D:2      | Gained mutation: Your natural rate of healing is unusually
                  | fast. [Vine Stalker growth]
  1545 | D:2      | Reached XP level 4. HP: 18/21 MP: 5/5
  2501 | D:3      | Found a snail-covered altar of Cheibriados.
  2564 | D:3      | Reached XP level 5. HP: 25/25 MP: 6/6
  2894 | D:4      | Found Mooliug's Magic Scroll Shoppe.
  2933 | D:4      | Bought a scroll of teleportation for 33 gold pieces
  2933 | D:4      | Bought a scroll of identify for 22 gold pieces
  2934 | D:4      | Bought a scroll of teleportation for 33 gold pieces
  2947 | D:4      | Found a white marble altar of Elyvilon.
  2977 | D:4      | Reached *** piety under Hepliaklqana
  3021 | D:4      | Reached skill level 3 in Axes
  3021 | D:4      | Reached XP level 6. HP: 26/28 MP: 5/7
  3597 | D:4      | Found a radiant altar of Vehumet.
  3734 | D:4      | Found an opulent altar of Gozag.
  4072 | D:5      | Entered Level 5 of the Dungeon
  4091 | D:5      | Found a sacrificial altar of Ru.
  4134 | D:5      | Found an ornate altar of the Wu Jian Council.
  4141 | D:5      | Reached skill level 4 in Axes
  4141 | D:5      | Reached skill level 1 in Stealth
  4201 | D:5      | Reached XP level 7. HP: 24/33 MP: 6/8
  4221 | D:5      | Found Beapiycw's Antique Armour Emporium.
  4354 | D:5      | Found Koudapa's Magic Scroll Emporium.
  4400 | D:5      | Reached skill level 5 in Axes
  4613 | D:5      | Slain by an ogre

Illustrated notes

Levels and vault maps discovered:
D:1:      erik_arrival_cave_to_civilisation [erik_arrival_cave_to_hall],
          layout_basic, hellmonk_ecumenical_altar_slurped_away
D:2:      kennysheep_big_flooded_room, layout_basic
D:3:      wander_river, layout_loops_corners, cheibrodos_worm_habitat
D:4:      wad_crossroads, layout_cave_pods, grunt_gozag_breadcrumbs,
          vehumet_altar_wand_db, mainiacjoe_overflow_24_doors, serial_shops,
          nicolae_shop_stone
D:5:      layout_rooms, mainiacjoe_overflow_boulevard, lemuel_round_altar,
          serial_shops, nicolae_shop_advertising_works
          [nicolae_subvault_shop_adworks], shop, minmay_joined_circles

Skill      XL: |  1  2  3  4  5  6  7 |
---------------+----------------------+-----
Fighting       | 3 4 |  4.0
Shields        | 3 4 |  4.0
Axes           | 2 3 4 5 |  5.1
Armour         | 3 |  3.2
Stealth        | 1 |  1.9
Throwing       | |  0.9
Dodging        | |  0.5

Action                   |  1- 3 |  4- 6 |  7- 9 || total
-------------------------+-------+-------+-------++-------
Melee: War axe           |    57 |    89 |    26 ||   172
       Bite              |    10 |    19 |     9 ||    38
Throw: Boomerang         |       |     1 |       ||     1
       Dart              |       |     1 |     5 ||     6
Invok: Ancestor Identity |     1 |       |       ||     1
       Ancestor Life: Ba |     1 |       |       ||     1
  Use: Scroll            |     2 |     3 |     2 ||     7
Armor: Scale mail        |    22 |    24 |    10 ||    56
Dodge: Dodged            |    18 |    46 |     9 ||    73
Block: Buckler           |     8 |    26 |    17 ||    51
       Reflection        |       |       |     5 ||     5

Table legend: (Time is in decaauts)
 A = Elapsed time spent in this place.
 B = Non-inter-level travel time spent in this place.
 C = Inter-level travel time spent in this place.
 D = Time resting spent in this place.
 E = Time spent auto-exploring this place.
 F = Levels seen in this place.
 G = Mean time per level.
                   A        B        C        D        E       F      G
               +--------+--------+--------+--------+--------+-----+--------+
         Total |   4674 |   4400 |    274 |     59 |   3711 |   5 |  934.8 |
       Dungeon |   4674 |   4400 |    274 |     59 |   3711 |   5 |  934.8 |
               +--------+--------+--------+--------+--------+-----+--------+

Top non-repeatable levels by time:
     D:4: 1256 daAuts
     D:2: 1015 daAuts
     D:1: 935 daAuts
     D:3: 917 daAuts
     D:5: 550 daAuts
